 Dungeon Crawl Stone Soup version 0.25-a0-435-g4b9beb1 (webtiles) character file.

Game seed: 10469798864582619129, levelgen mode: deterministic

100 Auros the Chopper (level 4, 0/40 HPs)
             Began as a Hill Orc Fighter on Jan 26, 2020.
             Succumbed to an orc wizard's poison
             ... on level 3 of the Dungeon.
             The game lasted 00:02:11 (1516 turns).

Auros the Chopper (Hill Orc Fighter)                Turns: 1516, Time: 00:02:11

Health: 0/40       AC:  6    Str: 19    XL:     4   Next: 74%
Magic:  4/4        EV:  7    Int:  8    God:
Gold:   160        SH:  9    Dex: 10    Spells: 3/3 levels left

rFire    . . .     SeeInvis .   a - +0 war axe
rCold    . . .     Gourm    .   c - +0 shield
rNeg     . . .     Faith    .   b - +0 scale mail
rPois    .         Spirit   .   (no helmet)
rElec    .         Reflect  .   (no cloak)
rCorr    .         Harm     .   (no gloves)
MR       .....                  (no boots)
Stlth    ..........             (no amulet)
HPRegen  0.13/turn              (no ring)
MPRegen  0.09/turn              (no ring)

@: lethally poisoned (0 -> -11)
A: no striking features
a: no special abilities


You were on level 3 of the Dungeon.
You were not hungry.

You visited 1 branch of the dungeon, and saw 3 of its levels.

You collected 160 gold pieces.

Inventory:

Hand Weapons
 a - a +0 war axe (weapon)
Missiles
 f - 13 poisoned darts (quivered)
 h - 60 sling bullets
 p - 27 arrows
 Z - 73 stones
Armour
 b - a +0 scale mail (worn)
 c - a +0 shield (worn)
Jewellery
 j - an uncursed ring of protection from cold {unknown}
Wands
 t - a wand of digging (7)
Scrolls
 e - 2 scrolls of teleportation {unknown}
 g - a scroll of noise {unknown}
 i - 2 scrolls of fear {unknown}
 m - 2 scrolls of identify {unknown}
 q - a scroll of remove curse {unknown}
 r - a scroll of blinking {unknown}
 u - a scroll of amnesia {unknown}
Potions
 d - a potion of might
 k - a potion of ambrosia {unknown}
 l - a potion of cancellation {unknown}
 o - a potion of brilliance {unknown}
Comestibles
 s - 5 chunks of flesh
 z - 5 rations


   Skills:
 - Level 3.8 Fighting
 + Level 6.0 Axes
 - Level 3.4 Armour
 - Level 3.4 Shields


You had 3 spell levels left.
You didn't know any spells.
Your spell library was empty.

Dungeon Overview and Level Annotations

Branches:
Dungeon (3/15)

Altars:


Message History

You are more poisoned.
The orc wizard closely misses you.
You feel better.
The orc wizard casts a spell.
The orc wizard flickers and vanishes!
Deactivating autopickup; reactivate with Ctrl-A.
You hear some strange, mumbled words.
A magic dart appears from out of thin air!
The magic dart hits you.
* * * LOW HITPOINT WARNING * * *
You closely miss something. Something hits you.
* * * LOW HITPOINT WARNING * * *
You are lethally poisoned!
You closely miss something.
* * * LOW HITPOINT WARNING * * *
You feel sick. You block something's attack.
Something hits you but does no damage.
You are more poisoned.
You barely miss something.
You die...

.(#.. ##((.. #.(.. ......#
#..(. ......# .#(# .%.....
#.(# ......# #))# ......#
#{@# ......# . #..###......##
.. #..##.....# .#. ###.
##......#.##... ######..
#....#.#..... #......# ..
##...†......# #......###.#
##.........#.# ##.......##.#
#....#.......#
.........##.###.##.....###...


There were no monsters in sight!

Vanquished Creatures
  An orc priest (D:3)
  An adder (D:2)
  2 worms (D:3)
  2 dart slugs
  A leopard gecko (D:2)
  3 orcs (D:3)
  6 giant cockroaches
  7 goblins
  5 hobgoblins
  5 kobolds
  A quokka (D:2)
  A ball python (D:1)
  4 bats
  5 frilled lizards
  2 rats
46 creatures vanquished.

Notes
Turn   | Place    | Note
-------+----------+-------------------------------------------
     0 | D:1      | Auros the Hill Orc Fighter began the quest for the Orb.
     0 | D:1      | Reached XP level 1. HP: 19/19 MP: 1/1
   209 | D:1      | Reached skill level 3 in Axes
   209 | D:1      | Reached XP level 2. HP: 25/27 MP: 2/2
   814 | D:2      | Reached XP level 3. HP: 33/33 MP: 3/3
   837 | D:2      | Reached skill level 4 in Axes
  1368 | D:3      | Reached skill level 5 in Axes
  1381 | D:3      | Reached XP level 4. HP: 40/40 MP: 4/4
  1504 | D:3      | Reached skill level 6 in Axes
  1514 | D:3      | HP: 1/40 [something (3)]
  1516 | D:3      | Succumbed to an orc wizard's poison

Levels and vault maps discovered:
D:1:      minmay_arrival_five_plusses, layout_loops_ring
D:2:      layout_rooms, nicolae_overflow_hidden_temple
D:3:      layout_rooms, nicolae_qazlal_style_of_elements,
          grunt_ashenzari_visionary [grunt_ashenzari_visionary_shoals,
          grunt_ashenzari_visionary_spider]

Skill      XL: |  1  2  3  4 |
---------------+-------------+-----
Axes           | 3 5 6 |  6.0
Fighting       | |  3.8
Armour         | |  3.4
Shields        | |  3.4

Action                   |  1- 3 |  4- 6 || total
-------------------------+-------+-------++-------
Melee: War axe           |    80 |    23 ||   103
Throw: Dart              |   100 |    22 ||   122
  Use: Potion            |       |     1 ||     1
  Eat: Chunk             |     1 |     1 ||     2
Armor: Scale mail        |    32 |     6 ||    38
Dodge: Dodged            |    27 |     9 ||    36
Block: Shield            |    35 |    12 ||    47

Table legend:
 A = Non-vault XP
 B = Vault XP
 C = Vault XP percentage of total XP
 D = Non-vault monster count
 E = Vault monster count
 F = Vault count percentage of total count
                 A         B        C        D         E       F
            +---------+---------+-------+---------+---------+-------
      Total |     144 |       0 |   0.0 |      46 |       0 |   0.0
            +---------+---------+-------+---------+---------+-------
        D:1 |      26 |       0 |   0.0 |      14 |       0 |   0.0
        D:2 |      46 |       0 |   0.0 |      19 |       0 |   0.0
        D:3 |      72 |       0 |   0.0 |      13 |       0 |   0.0
            +---------+---------+-------+---------+---------+-------
